 Dungeon Crawl Stone Soup version 0.27.1-34-g3ba077fa99 (webtiles) character file.

Game seed: 17050483874870466567

184 mcbry74 the Spear-Bearer (level 5, -3/38 HPs)
             Began as a Merfolk Gladiator on Jan 22, 2022.
             Slain by Grinder (6 damage)
             ... while paralysed by Grinder
             ... on level 3 of the Dungeon.
             The game lasted 00:04:41 (1858 turns).

mcbry74 the Spear-Bearer (Merfolk Gladiator)        Turns: 1858, Time: 00:04:42

Health: -3/38      AC:  5    Str: 20    XL:     5   Next: 64%
Magic:  5/5        EV:  2    Int:  8    God:
Gold:   149        SH:  0    Dex: 16    Spells: 4/4 levels left

rFire    . . .     SeeInvis .   a - +0 trident
rCold    . . .     Faith    .   (no shield)
rNeg     . . .     Spirit   .   b - +0 leather armour
rPois    .         Reflect  .   k - +2 hat
rElec    .         Harm     .   (no cloak)
rCorr    .         Rampage  .   (no gloves)
Will     .....                  (no boots)
Stlth    +.........             (no amulet)
HPRegen  0.12/turn              e - +6 ring of strength
MPRegen  0.09/turn              (no ring)

@: paralysed
A: (nimble swimmer 2), mertail
a: no special abilities


You were on level 3 of the Dungeon.
You visited 1 branch of the dungeon, and saw 3 of its levels.

You collected 149 gold pieces.

Inventory:

Hand Weapons
 a - a +0 trident (weapon)
Missiles
 d - a throwing net (quivered)
 i - 14 sling bullets
Armour
 b - a +0 leather armour (worn)
 c - a +0 helmet
 k - a +2 hat (worn)
Magical Staves
 f - a staff of cold
Jewellery
 e - a +6 ring of strength (left hand)
Scrolls
 g - 3 scrolls of identify {unknown}
Potions
 h - a potion of flight {unknown}
 j - a potion of mutation {unknown}
 l - 2 potions of heal wounds {unknown}


   Skills:
 - Level 2.1 Fighting
 + Level 8.9 Polearms
 - Level 2.0 Throwing
 - Level 4.0 Dodging


You had 4 spell levels left.
You didn't know any spells.
Your spell library was empty.

Dungeon Overview and Level Annotations

Branches:
Dungeon (3/15)

Altars:
Xom

Annotations:
D:3 Grinder


Innate Abilities, Weirdness & Mutations

((You are quick and stealthy near water. (Stealth+, EV+, Speed+++)))
Your lower body shifts to a powerful aquatic tail in water.


Message History

Grinder zaps a wand.
The puff of flame hits you.
You can move again.
There is a stone staircase leading up here.
Throw: 3 throwing nets
Press: ? - help, Q - select action Shift-Dir - straight line, f - Grinder
Aim: Grinder, carrying a wand of flame (12) (58% to hit)
You throw a throwing net.
The throwing net closely misses Grinder.
Throw: 2 throwing nets
Press: ? - help, Q - select action Shift-Dir - straight line, f/p - Grinder
Aim: Grinder, carrying a wand of flame (12) (58% to hit)
You throw a throwing net. The throwing net barely misses Grinder.
You hit Grinder.
Grinder is lightly wounded.
Grinder zaps a wand.
The puff of flame hits you!
You closely miss Grinder.
Grinder is lightly wounded.
Grinder hits you.
You hit Grinder but do no damage.
Grinder is lightly wounded.
Grinder zaps a wand.
The puff of flame hits you!
You closely miss Grinder.
Grinder is lightly wounded.
Grinder closely misses you. Grinder gestures at you.
You resist with significant effort.
You see here a quokka corpse.
Grinder says, "Don't move a muscle."
Grinder blinks!
Grinder hits you but does no damage. Grinder gestures at you.
You suddenly lose the ability to move!
Grinder hits you.
You writhe in agony.
* * * LOW HITPOINT WARNING * * *
Grinder hits you.
* * * LOW HITPOINT WARNING * * *
You writhe in agony.
* * * LOW HITPOINT WARNING * * *
Grinder hits you.
You die...

##########
.........#
############
...#####.#
#.....†....# ...#
#.#
#####5########.#
...# ##.## #...@.#
#.#
...####...###.#####
#.# ........#.....#
#.# #######...#####
#.# ##.## #.#
#.#####.# #<#
#......# #.#
♣'♣♣♣+♣.# #(# ♣..
.#.


You could see Grinder.

Vanquished Creatures
  A necrophage (D:3)
  A water moccasin skeleton (D:3)
  An adder (D:2)
  2 worms (D:2)
  2 dart slugs (D:2)
  An orc (D:3)
  3 endoplasms
  A giant cockroach (D:1)
  2 goblins
  4 hobgoblins
  A quokka (D:3)
  2 ball pythons (D:2)
  2 bats (D:3)
  A frilled lizard (D:3)
  2 kobolds
  6 rats
32 creatures vanquished.

Notes
Turn   | Place    | Note
-------+----------+-------------------------------------------
     0 | D:1      | mcbry74 the Merfolk Gladiator began the quest for the Orb.
     0 | D:1      | Reached XP level 1. HP: 16/16 MP: 1/1
   186 | D:1      | Found a faded altar of an unknown god.
   467 | D:2      | Reached skill level 5 in Polearms
   475 | D:2      | Reached XP level 2. HP: 18/22 MP: 2/2
   701 | D:2      | Reached skill level 6 in Polearms
   701 | D:2      | Reached XP level 3. HP: 16/27 MP: 3/3
  1320 | D:3      | Reached skill level 7 in Polearms
  1320 | D:3      | Reached XP level 4. HP: 17/33 MP: 4/4
  1459 | D:3      | Noticed a necrophage
  1471 | D:3      | Killed a necrophage
  1472 | D:3      | Reached skill level 8 in Polearms
  1472 | D:3      | Reached XP level 5. HP: 17/38 MP: 5/5
  1780 | D:3      | Found a shimmering altar of Xom.
  1823 | D:3      | Noticed Grinder
  1823 | D:3      | Paralysed by Grinder for 6 turns
  1854 | D:3      | Paralysed by Grinder for 6 turns
  1858 | D:3      | Slain by Grinder

Illustrated notes

Levels and vault maps discovered:
D:1:      noname_arrival_rooms_in_the_neighbourhood, layout_rooms,
          ebering_ecumenical_altar_box, minmay_misc_feat_five
D:2:      layout_rooms
D:3:      layout_loops_ring, amcnicky_altar_gilded,
          mainiacjoe_overflow_six_doors_small, kennysheep_generic_room_16,
          uniq_crazy_yiuf_cottage, uniq_grinder

Skill      XL: |  1  2  3  4 |
---------------+-------------+-----
Polearms       | 5 6 7 8 |  8.9
Fighting       | |  2.1
Throwing       | |  2.0
Dodging        | |  4.0

Action                   |  1- 3 |  4- 6 || total
-------------------------+-------+-------++-------
Melee: Trident           |    72 |    30 ||   102
Throw: Throwing net      |       |     2 ||     2
 Stab: Sleeping          |     1 |       ||     1
       Distracted        |       |     1 ||     1
Armor: Leather armour    |     6 |     6 ||    12
Dodge: Dodged            |    23 |    15 ||    38
